 Dungeon Crawl Stone Soup version 0.21-a0-203-gb066a6e (webtiles) character file.

78692 Helio the Unseen (level 15, -3/77 HPs)
             Began as a Spriggan Enchanter on Aug 19, 2017.
             Was the Champion of Dithmenos.
             Engulfed by an ice statue's freezing vapour (22 damage)
             ... on level 12 of the Dungeon.
             The game lasted 01:26:05 (35172 turns).

Helio the Unseen (Spriggan Enchanter)              Turns: 35172, Time: 01:26:05

Health: -3/77      AC:  6    Str: 11    XL:     15   Next: 18%
Magic:  32/32      EV: 31    Int: 17    God:    Dithmenos [******]
Gold:   2213       SH:  5    Dex: 19    Spells: 26/38 levels left

rFire    + . .     SeeInvis +   l - +7 rapier (elec)
rCold    . . .     Gourm    .   (shield restricted)
rNeg     . . .     Faith    .   q - +2 robe {MR+}
rPois    .         Spirit   .   A - +2 hat
rElec    +         Reflect  +   (no cloak)
rCorr    .         Harm     .   (gloves unavailable)
MR       +++..                  (boots unavailable)
Stlth    ++++++++++             f - +5 amulet of reflection
HPRegen  0.22/turn              e - +3 ring of strength
MPRegen  0.23/turn              s - ring of protection from fire

@: wreathed by umbra, very quick
A: unfitting armour, see invisible, herbivore 3, speed 3, mutation resistance 1,
electricity resistance, slow metabolism 2
a: Shadow Step, Shadow Form, Renounce Religion


You were on level 12 of the Dungeon.
You worshipped Dithmenos.
Dithmenos was exalted by your worship.
You were not hungry.

You visited 5 branches of the dungeon, and saw 24 of its levels.
You also visited: Ossuary.

You collected 2455 gold pieces.
You spent 242 gold pieces at shops.

Inventory:

Hand Weapons
 c - the +7 rapier of Circular Logic {venom, rF- Dex+5, unknown}
   (You found it on level 6 of the Lair of Beasts)

   It poisons the flesh of those it strikes.
   It affects your dexterity (+5).
   It makes you vulnerable to fire.
 l - a +7 rapier of electrocution (weapon)
 n - the +0 war axe of Ugolasiq {chop, rC+++ Str+6 Int-5}
   (You found it on level 5 of the Dungeon)

   It inflicts extra damage upon your enemies.
   It affects your strength (+6).
   It affects your intelligence (-5).
   It renders you almost immune to cold.
Missiles
 w - 2 throwing nets (quivered)
Armour
 q - a +2 robe of magic resistance (worn)
 A - a +2 hat (worn)
Jewellery
 e - a +3 ring of strength (left hand)
 f - a +5 amulet of reflection (around neck)
 s - a ring of protection from fire (right hand)
 u - an uncursed ring of positive energy
 D - an uncursed ring of positive energy
 N - an uncursed ring of poison resistance
Wands
 a - a wand of lightning (7/15)
 r - a wand of scattershot (0/9)
 y - a wand of iceblast (0/15)
 B - a wand of acid (7/15)
 M - a wand of acid (7/15)
 O - a wand of iceblast (5/15)
 Q - a wand of digging (14/24)
Scrolls
 h - 8 scrolls of teleportation
 k - 2 scrolls of amnesia
 p - 3 scrolls of enchant armour
 x - 4 scrolls of recharging
 F - a scroll of remove curse
 J - a scroll of summoning
 R - a scroll of vulnerability
Potions
 g - a potion of might
 i - 4 potions of lignification
 j - 7 potions of curing
 m - 3 potions of flight
 o - 7 potions of haste
 v - 3 potions of cancellation
 z - 4 potions of brilliance
 C - 2 potions of magic
 G - a potion of ambrosia
 H - 2 potions of berserk rage
 K - 2 potions of agility
 S - a potion of mutation
Comestibles
 b - a royal jelly
 d - 15 bread rations
 E - 23 fruits


   Skills:
 + Level 8.2 Fighting
 + Level 15.0 Short Blades
 + Level 13.4 Dodging
 + Level 18.8 Stealth
 + Level 12.4 Spellcasting
 + Level 12.7 Hexes


You had 26 spell levels left.
You knew the following spells:

 Your Spells              Type           Power        Failure   Level  Hunger
a - Ensorcelled Hibernat  Hex/Ice        ####..       1%          2    None
b - Corona                Hex            ######.      1%          1    None
c - Confuse               Hex            ######..     1%          3    None
d - Tukima's Dance        Hex            ######..     1%          3    None
e - Dazzling Spray        Conj/Hex       ####..       1%          3    None


Dungeon Overview and Level Annotations

Branches:
Dungeon (14/15)            Temple (1/1) D:4            Lair (6/6) D:9
  Swamp (0/4) Lair:2        Snake (0/4) Lair:3        Slime (0/5) Lair:6
    Orc (2/2) D:12            Elf (1/3) Orc:2        Vaults (0/5) D:14

Altars:
Ashenzari
Cheibriados
Dithmenos
Elyvilon
Fedhas
Gozag
Hepliaklqana
Kikubaaqudgha
Makhleb
Nemelex Xobeh
Okawaru
Qazlal
Ru
Sif Muna
Trog
Uskayaw
Vehumet
Wu Jian
Xom
Yredelemnul
Zin
The Shining One
Jiyva

Shops:
D:7 =   D:13 (}?=[   Orc:2 [*![

Portals:
Trove: D:11 (give +5 ice dragon scales)

Annotations:
D:12 exclusion: ice statue


Innate Abilities, Weirdness & Mutations

You are very small and have problems with some larger weapons.
You are too small for most types of armour.
You have supernaturally acute eyesight. (SInv)
You are a herbivore.
You cover ground extremely quickly.
You need consume almost no food.
You are somewhat resistant to further mutation.
You are resistant to electric shocks. (rElec)


Message History

Your shadow hits the ice statue but does no damage.
You are engulfed in freezing vapours.
The ice statue gestures.
You are too injured to fight recklessly!
You hit the ice statue.
The ice statue is moderately damaged.
You are engulfed in freezing vapours.
* * * LOW HITPOINT WARNING * * *
You puncture the ice statue!
The ice statue is heavily damaged.
Your shadow hits the ice statue with a rapier.
You are engulfed in freezing vapours.
* * * LOW HITPOINT WARNING * * *
The ice statue gestures.
The ice beast barely misses you.
You feel better.
You are engulfed in freezing vapours.
* * * LOW HITPOINT WARNING * * *
The ice beast misses you.
You feel better.
You are engulfed in freezing vapours.
You die...

....############################.
.............................###.
......................(.......##.
....########.........########.##.
...........###.....###...........
.............##§§.##.............
####..####..###.§§########..####.
#..# #..# ##Y### #..# #. #..#
#..# #@#.# #..# #. #..# #..#
#8#.# #..# #.
####..####..######.#######..####.
.................................
##################.##............
.#####.###.###..#..##...<........
#..#....#.###..#..###............
#.##.###..####.#.#.##........)...
[...#.#.....#..#...##............


You could see an ice statue and an ice beast.

Vanquished Creatures
  An ettin (D:14)
  6 hydras
  3 catoblepae (Lair:6)
  3 centaur warriors
  10 death yaks
  A death knight (D:14)
  8 two-headed ogres
  A tengu warrior (D:10)
  3 orc high priests (Orc:2)
  Sonja (Lair:4)
  An unseen horror (D:13)
  A phantasmal warrior (D:14)
  A harpy (shapeshifter) (D:14)
  A wizard (D:14)
  The ghost of WhatIsLove the Summoner, a novice DESu of Sif Muna (Orc:2)
  4 orc knights (Orc:2)
  2 oklob plants (Lair:2)
  4 deep elf magi
  4 manticores
  4 orc sorcerers (Orc:2)
  A cyclops (D:14)
  2 ugly things
  7 elephants
  A guardian serpent (Lair:3)
  6 black mambas
  Psyche (D:8)
  2 centaur skeletons (D:12)
  A rime drake (shapeshifter) (D:14)
  A kobold demonologist (Orc:1)
  9 spiny frogs
  A freezing wraith (D:14)
  2 rime drakes (Lair:4)
  7 komodo dragons
  2 polar bears (Lair:5)
  4 trolls
  7 blink frogs
  6 dream sheep
  11 hippogriffs
  2 shadows
  Sigmund (D:2)
  A wraith (D:14)
  3 wyverns
  2 vampires (D:13)
  57 yaks
  3 basilisks
  Edmund (D:6)
  6 wargs
  2 acid dragons (D:14)
  12 water moccasins
  9 porcupines
  19 orc warriors
  3 sky beasts
  2 eyes of draining
  5 ice beasts
  A phantom (D:4)
  10 ogres
  9 crocodiles
  18 centaurs
  25 big kobolds
  2 elf zombies (Ossuary)
  20 bullfrogs
  5 scorpions
  A wyvern skeleton (D:7)
  14 killer bees
  14 wights
  4 howler monkeys
  8 electric eels
  9 crimson imps
  A human zombie (Ossuary)
  2 bullfrog zombies
  3 centaur zombies
  4 jellies
  7 hounds
  5 bullfrog skeletons
  17 orc priests
  3 iguanas
  Natasha (D:2)
  21 orc wizards
  A hell rat (D:9)
  8 worker ants
  A big kobold zombie (Ossuary)
  A hound zombie (D:7)
  2 mummies (Ossuary)
  5 gnolls
  2 river rats (D:9)
  8 adders
  4 shadow imps
  4 adder skeletons
  2 adder zombies
  2 worms
  3 dart slugs
  4 leopard geckos
  52 orcs
  A ball python (D:1)
  8 giant cockroaches
  12 goblins
  12 hobgoblins
  3 jackals (D:9)
  6 quokkas
  A ball python zombie (D:6)
  3 bats
  5 frilled lizards
  A giant cockroach zombie (D:6)
  A goblin zombie (Ossuary)
  9 hobgoblin zombies (Ossuary)
  A jackal zombie (Ossuary)
  54 kobolds
  14 kobold zombies (Ossuary)
  6 orc zombies (Ossuary)
  2 quokka skeletons
  A quokka zombie (D:5)
  8 rats
  A plant (Lair:2)
711 creatures vanquished.

Vanquished Creatures (collateral kills)
  An orc (D:12)
  A kobold (D:12)
2 creatures vanquished.

Vanquished Creatures (others)
  A centaur (D:13)
  A rat (D:9)
  7 fungi
  6 plants (Lair:6)
15 creatures vanquished.

Grand Total: 728 creatures vanquished

Notes
Turn   | Place    | Note
-------+----------+-------------------------------------------
     0 | D:1      | Helio the Spriggan Enchanter began the quest for the Orb.
     0 | D:1      | Reached XP level 1. HP: 9/9 MP: 5/5
   150 | D:1      | You fall through a shaft!
   446 | D:2      | Reached XP level 2. HP: 13/13 MP: 7/7
   454 | D:2      | Learned a level 2 spell: Ensorcelled Hibernation
   953 | D:1      | Reached XP level 3. HP: 16/16 MP: 9/9
   959 | D:1      | Learned a level 3 spell: Confuse
   963 | D:1      | Learned a level 3 spell: Tukima's Dance
  2257 | D:2      | Noticed Natasha
  2522 | D:2      | Killed Natasha
  2522 | D:2      | Reached skill level 5 in Hexes
  2522 | D:2      | Reached XP level 4. HP: 21/21 MP: 8/11
  2583 | D:2      | Noticed Sigmund
  2598 | D:2      | Killed Sigmund
  2598 | D:2      | Reached skill level 5 in Spellcasting
  2598 | D:2      | Reached XP level 5. HP: 24/24 MP: 10/14
  3128 | D:3      | Reached skill level 5 in Stealth
  3128 | D:3      | Reached XP level 6. HP: 28/28 MP: 10/15
  3471 | D:3      | Found a shattered altar of Ashenzari.
  3807 | D:3      | Reached skill level 6 in Stealth
  3938 | D:4      | Found a staircase to the Ecumenical Temple.
  3947 | Temple   | Entered the Ecumenical Temple
  4012 | Temple   | Became a worshipper of Dithmenos the Shadowed
  4157 | D:4      | Noticed an ice beast
  4172 | D:4      | Killed an ice beast
  4172 | D:4      | Reached skill level 7 in Stealth
  4414 | D:3      | Found a radiant altar of Vehumet.
  4814 | D:4      | Reached skill level 8 in Stealth
  4814 | D:4      | Reached XP level 7. HP: 32/32 MP: 4/16
  5215 | D:4      | Reached skill level 9 in Stealth
  5332 | D:4      | Reached * piety under Dithmenos
  6098 | D:4      | Reached skill level 10 in Stealth
  6470 | D:5      | Entered Level 5 of the Dungeon
  6484 | D:5      | Reached skill level 11 in Stealth
  6506 | D:5      | Learned a level 3 spell: Dazzling Spray
  6541 | D:5      | Got a scorched war axe
  6542 | D:5      | Identified the cursed +0 war axe of Ugolasiq {chop, rC+++ Str+6 Int-5} (You found it on level 5 of the Dungeon)
  6868 | D:5      | Reached XP level 8. HP: 30/36 MP: 17/17
  6960 | D:5      | Reached ** piety under Dithmenos
  7176 | D:5      | Reached skill level 12 in Stealth
  7458 | D:5      | Found an iron altar of Okawaru.
  8313 | D:5      | Reached skill level 13 in Stealth
  9216 | D:6      | Found a radiant altar of Vehumet.
  9268 | D:6      | Reached skill level 1 in Fighting
  9636 | D:6      | Reached XP level 9. HP: 41/41 MP: 12/19
  9637 | D:6      | Reached skill level 14 in Stealth
  9867 | D:6      | Noticed Edmund
  9888 | D:6      | Killed Edmund
 10015 | D:6      | Reached *** piety under Dithmenos
 10550 | D:6      | Reached skill level 5 in Dodging
 10791 | D:6      | Found an opulent altar of Gozag.
 10792 | D:6      | Found a sparkling altar of Nemelex Xobeh.
 10905 | D:7      | Found a shimmering altar of Xom.
 11043 | D:7      | Found a sand-covered staircase.
 11057 | Ossuary  | Entered an ossuary
 11394 | Ossuary  | Reached XP level 10. HP: 33/47 MP: 21/21
 11397 | Ossuary  | Gained mutation: You are resistant to electric shocks. (rElec) [potion of mutation]
 11397 | Ossuary  | Gained mutation: You are somewhat resistant to further mutation. [potion of mutation]
 11806 | Ossuary  | Reached **** piety under Dithmenos
 12254 | D:7      | Found Wiodugun's Jewellery Boutique.
 12313 | D:7      | You fall through a shaft for 2 floors!
 12730 | D:9      | Noticed a death yak
 13420 | D:8      | Found a stormy altar of Qazlal.
 13427 | D:8      | Noticed a two-headed ogre
 13428 | D:8      | Noticed Psyche
 13434 | D:8      | Killed Psyche
 13435 | D:8      | Killed a two-headed ogre
 13435 | D:8      | Reached XP level 11. HP: 51/51 MP: 10/23
 13889 | D:8      | Found a white marble altar of Elyvilon.
 14173 | D:9      | Found a staircase to the Lair.
 14175 | D:9      | Noticed a death yak
 14175 | D:9      | Noticed a death yak
 14176 | D:9      | Killed a death yak
 14213 | D:9      | Killed a death yak
 14355 | D:9      | Killed a death yak
 14502 | D:9      | Noticed a two-headed ogre
 14508 | D:9      | Killed a two-headed ogre
 14534 | D:9      | Reached skill level 15 in Stealth
 15458 | D:10     | Entered Level 10 of the Dungeon
 16776 | D:10     | Noticed a tengu warrior
 16781 | D:10     | Killed a tengu warrior
 17348 | D:11     | Found a portal to a secret trove of treasure.
 17350 | D:11     | Identified the Handbook of the Volcanoes and Calling
 18695 | D:12     | Noticed a red ugly thing
 18697 | D:12     | Killed a red ugly thing
 18836 | D:12     | Reached XP level 12. HP: 58/58 MP: 22/25
 19215 | D:12     | Reached ***** piety under Dithmenos
 19293 | D:12     | Found a staircase to the Orcish Mines.
 19895 | D:12     | Noticed a six-headed hydra
 19902 | D:12     | Killed a six-headed hydra
 20425 | D:12     | Reached skill level 5 in Fighting
 20514 | D:12     | Noticed an eight-headed hydra
 20521 | D:12     | Killed an eight-headed hydra
 20521 | D:12     | Reached skill level 16 in Stealth
 20783 | D:13     | Found Ekkixet's Armour Boutique.
 20783 | D:13     | Noticed a two-headed ogre
 20789 | D:13     | Killed a two-headed ogre
 20789 | D:13     | Reached skill level 10 in Hexes
 20804 | D:13     | Found Ogiug's Magic Scroll Boutique.
 20841 | D:13     | Bought a scroll of identify for 22 gold pieces
 20860 | D:13     | Noticed a two-headed ogre
 20867 | D:13     | Killed a two-headed ogre
 20938 | D:13     | Noticed a centaur warrior
 20948 | D:13     | Killed a centaur warrior
 21087 | D:13     | Found Otta's Gadget Emporium.
 21133 | D:13     | Found Meinn's Weapon Shoppe.
 21145 | D:13     | Bought a +2 rapier of electrocution for 220 gold pieces
 21160 | D:13     | Reached skill level 10 in Spellcasting
 21487 | D:13     | Found Hochoph's Jewellery Emporium.
 21539 | D:13     | Noticed a centaur warrior
 21552 | D:13     | Killed a centaur warrior
 22098 | D:14     | Noticed a two-headed ogre
 22104 | D:14     | Killed a two-headed ogre
 22110 | D:14     | Noticed an ettin
 22111 | D:14     | Killed an ettin
 22114 | D:14     | Noticed an eight-headed hydra
 22133 | D:14     | Killed an eight-headed hydra
 22133 | D:14     | Reached skill level 10 in Dodging
 22133 | D:14     | Reached XP level 13. HP: 65/65 MP: 13/28
 22314 | D:14     | Found a gate to the Vaults.
 23118 | D:14     | Reached skill level 17 in Stealth
 23977 | Lair:1   | Entered Level 1 of the Lair of Beasts
 24642 | Lair:1   | Reached ****** piety under Dithmenos
 25226 | Lair:2   | Found a staircase to the Swamp.
 25393 | Lair:2   | Identified the Guide on the Cloudy Glacier
 26522 | Lair:3   | Found a staircase to the Snake Pit.
 26876 | Lair:4   | Noticed Sonja
 26879 | Lair:4   | Found a frozen archway.
 26913 | Lair:4   | Killed Sonja
 27352 | Lair:4   | Reached XP level 14. HP: 70/70 MP: 21/30
 29000 | Lair:6   | Entered Level 6 of the Lair of Beasts
 29176 | Lair:6   | Found a viscous altar of Jiyva.
 29176 | Lair:6   | Found a staircase to the Slime Pits.
 29470 | Lair:6   | Reached skill level 18 in Stealth
 31751 | Lair:6   | Got a crystal rapier
 32168 | Orc:1    | Entered Level 1 of the Orcish Mines
 32760 | Orc:2    | Entered Level 2 of the Orcish Mines
 32816 | Orc:2    | Found a staircase to the Elven Halls.
 32896 | Orc:2    | Noticed WhatIsLove's ghost (novice DESu)
 32905 | Orc:2    | Killed WhatIsLove's ghost
 33147 | Orc:2    | Found Istre's Armour Emporium.
 33200 | Orc:2    | Reached XP level 15. HP: 57/77 MP: 20/32
 33589 | Orc:2    | Found Hikhomet's Antique Armour Emporium.
 33590 | Orc:2    | Found Digituq's Distillery.
 33590 | Orc:2    | Found Qeodasin's Assorted Antiques.
 34299 | Orc:2    | Reached skill level 15 in Short Blades
 34982 | Elf:1    | Entered Level 1 of the Elven Halls
 35172 | D:12     | Engulfed by an ice statue's freezing vapour

Vault maps used:
D:1:      lightli_arrival_chessboard, minmay_lizard_pond
D:2:      minmay_surrounded, uniq_sigmund, uniq_natasha
D:3:      lemuel_upstairs_altar, evilmike_ruin_ashenzari, first_bread,
          hangedman_decor_points
D:4:      minmay_goblin_kobold_castle, minmay_temple_entry_grid,
          kennysheep_generic_room_9
D:5:      kennysheep_mini_moat
D:6:      grunt_temple_overflow_opulence, vehumet_altar_wand_db, minivault_25,
          uniq_edmund
D:7:      brannock_xom_greatest_gift, enter_ossuary_1, serial_shops, shop
D:8:      nicolae_qazlal_general_emergency, elyvilon_altar_5, uniq_psyche
D:9:      dpeg_lair_monsters
D:10:     grunt_tengu_nest, serial_bayou_lake_a
D:11:     nicolae_trove_entry_diagonal, minmay_splitting_lines
D:12:     minmay_statue_hallways, erik_orc_3
D:13:     serial_shops, nicolae_shop_waterfront, shop, shop, shop,
          nicolae_shop_window_shopping, serial_bayou_pond_d
D:14:     david_vaults_4, serial_park_gazebo, minmay_misc_feat_four_crosses
Temple:   eino_narrow_crystal_temple
Lair:1:   st_stairs_13, serial_bayou_lagoon_b, grunt_megastairs_5
Lair:2:   minmay_swamp_entry_worms, minmay_lair_oklob_chamber,
          grunt_megastairs_1
Lair:3:   minmay_snake_entry_spellcaster
Lair:4:   portal_ice_cave_rime, uniq_sonja
Lair:5:   grunt_megastairs_3, lemuel_fruit_tree
Lair:6:   evilmike_catoblepas_cave, slime_altar_1
Orc:1:    special_room, mines2_lemuel
Orc:2:    st_orc_elflike, nicolae_volcano_entry_s_turn
Elf:1:    eino_elf_arrival_shootout, minmay_elf_annihilation
Ossuary:  ossuary_tomb_1

Skill      XL: |  1  2  3  4  5  6  7  8  9 10 11 12 13 14 15 |
---------------+----------------------------------------------+-----
Spellcasting   | 3 4 5 6 7 8 10 11 12 | 12.4
Hexes          | 4 5 6 7 9 10 11 12 | 12.7
Stealth        | 5 8 11 13 14 15 16 17 18 | 18.8
Fighting       | 1 2 4 5 6 8 |  8.2
Short Blades   | 2 12 13 14 15 | 15.0
Dodging        | 4 5 6 8 10 11 13 | 13.4

Action                   |  1- 3 |  4- 6 |  7- 9 | 10-12 | 13-15 || total
-------------------------+-------+-------+-------+-------+-------++-------
Melee: Dagger            |    99 |    60 |   202 |   551 |       ||   912
       Short sword       |       |    54 |   214 |    57 |       ||   325
       War axe           |       |       |   121 |       |       ||   121
       Rapier            |       |       |       |    53 |   721 ||   774
 Cast: Corona            |     7 |       |       |       |       ||     7
       Ensorcelled Hiber |    21 |     9 |    27 |    96 |    72 ||   225
       Confuse           |     4 |    19 |    40 |    75 |    63 ||   201
       Dazzling Spray    |       |       |     9 |    17 |    60 ||    86
       Tukima's Dance    |       |       |       |     1 |     3 ||     4
Invok: Shadow Step       |       |       |       |     3 |     5 ||     8
Evoke: Wand              |       |       |       |       |     4 ||     4
  Use: Scroll            |     8 |     8 |     7 |    13 |    16 ||    52
       Potion            |       |       |     5 |     5 |     6 ||    16
 Stab: Sleeping          |    25 |    10 |    42 |   113 |   118 ||   308
       Distracted        |     1 |       |     1 |     6 |    13 ||    21
       Confused          |     2 |    12 |    23 |    38 |    29 ||   104
       Invisible         |       |       |       |    15 |     8 ||    23
  Eat: Royal jelly       |       |     2 |     2 |     6 |     4 ||    14
       Bread ration      |       |       |     1 |       |       ||     1
       Fruit             |       |       |     4 |       |       ||     4
Armor: Robe              |     6 |     7 |    55 |    22 |    18 ||   108
Dodge: Dodged            |    65 |    67 |   463 |   369 |   601 ||  1565
Block: Other             |       |       |       |       |    93 ||    93
       Reflection        |       |       |       |       |     3 ||     3
